 Dungeon Crawl Stone Soup version 0.26-a0-540-g8a0c9464d7 (webtiles) character file.

Game seed: 17263594936361198722

11043 HoaS the Grappler (level 11, -2/94 HPs)
             Began as a Troll Monk on Aug 19, 2020.
             Was a High Priest of Makhleb.
             Slain by a seven-headed hydra (11 damage)
             ... on level 1 of the Lair of Beasts.
             The game lasted 00:22:56 (9086 turns).

HoaS the Grappler (Troll Monk)                      Turns: 9086, Time: 00:22:56

Health: -2/94      AC:  7    Str: 28    XL:     11   Next: 44%
Magic:  0/10       EV: 19    Int:  6    God:    Makhleb [*****.]
Gold:   665        SH:  0    Dex: 15    Spells: 10/10 levels left

rFire    . . .     SeeInvis .     - Unarmed
rCold    . . .     Faith    .   (no shield)
rNeg     . . .     Spirit   +   a - +1 robe
rPois    .         Reflect  .   (helmet restricted)
rElec    .         Harm     .   (no cloak)
rCorr    .                      (gloves unavailable)
MR       .....                  (boots unavailable)
Stlth    ++........             l - amulet of guardian spirit
HPRegen  0.65/turn              e - +4 ring of evasion
MPRegen  0.12/turn              n - ring "Faxiaz" {+Fly Str+7}

@: about to teleport
A: large, unfitting armour, claws 3, regeneration 1, shaggy fur 1, tough skin 3
a: Minor Destruction, Lesser Servant of Makhleb, Major Destruction, Greater
Servant of Makhleb, Renounce Religion, Evoke Flight


You were on level 1 of the Lair of Beasts.
You worshipped Makhleb.
Makhleb was extremely pleased with you.
You visited 3 branches of the dungeon, and saw 12 of its levels.
You also visited: Ossuary.

You collected 665 gold pieces.

Inventory:

Armour
 a - a +1 robe (worn)
Jewellery
 e - a +4 ring of evasion (left claw)
 l - an amulet of guardian spirit (around neck)
 n - the ring "Faxiaz" (right claw) {+Fly Str+7}
   (You found it on level 6 of the Dungeon)

   [ring of flight]

   It affects your strength (+7).
   It lets you fly.
Wands
 r - a wand of acid (6)
 u - a wand of polymorph (6)
 y - a wand of random effects (17)
Scrolls
 c - a scroll of magic mapping
 i - 9 scrolls of teleportation
 o - 4 scrolls of remove curse
 q - 2 scrolls of enchant armour
 v - 3 scrolls of blinking
 w - 2 scrolls of identify
 x - a scroll of fog
Potions
 b - 3 potions of berserk rage
 d - 3 potions of haste
 f - 4 potions of lignification
 g - 6 potions of curing
 h - 3 potions of flight
 j - a potion of ambrosia {unknown}
 k - a potion of might
 m - 6 potions of heal wounds
 p - a potion of degeneration {unknown}
 s - a potion of resistance {unknown}
 t - a potion of magic {unknown}
 z - a potion of invisibility {unknown}


   Skills:
 - Level 2.4 Fighting
 + Level 9.2 Dodging
 - Level 1.0 Stealth
 * Level 14.5 Unarmed Combat


You had 10 spell levels left.
You didn't know any spells.
Your spell library contained the following spells:

 Spells                   Type           Power        Failure   Level
 Corona                   Hex            #......      45%         1
 Foxfire                  Conj/Fire      #...         45%         1
 Freeze                   Ice            #...         45%         1
 Magic Dart               Conj           #...         45%         1
 Blink                    Tloc           N/A          58%         2
 Call Imp                 Summ           #.......     58%         2
 Ensorcelled Hibernation  Hex/Ice        #.....       58%         2
 Slow                     Hex            #.......     58%         2
 Confusing Touch          Hex            #.......     83%         3
 Conjure Flame            Conj/Fire      #.......     83%         3
 Dazzling Flash           Conj/Hex       #.....       83%         3
 Frozen Ramparts          Ice            #.....       83%         3
 Inner Flame              Hex/Fire       #.......     83%         3
 Mephitic Cloud           Conj/Pois/Air  #.......     83%         3
 Ozocubu's Armour         Ice            #.......     83%         3
 Tukima's Dance           Hex            #.......     83%         3
 Hailstorm                Conj/Ice       #.......     99%         4
 Sticky Flame             Conj/Fire      #.......     99%         4
 Summon Ice Beast         Ice/Summ       #.......     99%         4
 Fireball                 Conj/Fire      #.........   100%        5


Dungeon Overview and Level Annotations

Branches:
Dungeon (10/15)            Temple (1/1) D:4            Lair (1/6) D:9
    Orc (0/2) D:9         Ossuary (visited)

Altars:
Ashenzari
Cheibriados
Dithmenos
Elyvilon
Fedhas
Gozag
Hepliaklqana
Kikubaaqudgha
Makhleb
Nemelex Xobeh
Okawaru
Qazlal
Ru
Sif Muna
Trog
Uskayaw
Vehumet
Wu Jian
Xom
Yredelemnul
Zin
The Shining One

Shops:
D:4 ?   D:5 [   D:6 (   D:7 !   D:8 }   D:10 :

Annotations:
Lair:1 exclusion: oklob plant


Innate Abilities, Weirdness & Mutations

You are too large for most types of armour.
You have claws for hands.
Your natural rate of healing is unusually fast.
You are covered in fur. (AC +1)
You have extremely tough skin. (AC +3)


Message History

* * * LOW HITPOINT WARNING * * *
The six-headed hydra bites you!
* * * LOW HITPOINT WARNING * * *
The six-headed hydra bites you!
* * * LOW HITPOINT WARNING * * *
You tear one of the six-headed hydra's heads off!
The five-headed hydra grows two more!
You claw the seven-headed hydra!
The seven-headed hydra is moderately wounded.
Okay, then.
As you read the scroll of teleportation, it crumbles to dust.
You feel strangely unstable.
The seven-headed hydra barely misses you.
The seven-headed hydra bites you but does no damage.
The seven-headed hydra misses you.
The seven-headed hydra bites you but does no damage.
The seven-headed hydra completely misses you.
The seven-headed hydra barely misses you.
The seven-headed hydra completely misses you.
The seven-headed hydra bites you!
You die...

#. #. ##.... ..#.. ##...##
#. .....## .#
.###.####..... ..
.......#..#.### ..#
...$[#.......## #.#
#.....P##.#@.# #.#
###.........D.## #.#
#.....(...#.### #.#
#.......#...# #.# ####.#
#.#....>##.## #.# #.##.#
....#.(####.## ##.###
##...#
...$....####..#####...P#
#..##
##...#.#.#.#.#.##P.....##
#.### ....
...................####.##.


You could see a seven-headed hydra.

Vanquished Creatures
  Erolcha (D:9)
  Joseph (D:7)
  A gargoyle (D:10)
  A komodo dragon (Lair:1)
  A troll (D:10)
  Grinder (D:3)
  Prince Ribbit (D:6)
  4 hippogriffs
  2 wraiths (D:9)
  A wyvern (D:8)
  4 yaks (D:9)
  Menkaure (D:6)
  2 water moccasins
  4 porcupines (D:9)
  4 ice beasts
  2 black bears
  6 orc warriors
  3 ogres
  2 sky beasts
  3 necrophages
  2 phantoms
  3 centaurs
  A big kobold (D:8)
  5 bullfrogs
  3 elf zombies
  A wyvern zombie (D:9)
  A wyvern skeleton (D:6)
  4 scorpions
  10 killer bees
  7 wights
  A troll skeleton (D:9)
  3 centaur zombies
  2 bullfrog zombies
  5 human zombies
  5 hounds
  5 orc priests
  15 orc wizards
  3 centaur skeletons
  6 iguanas
  Natasha (thrice) (D:3)
  6 worker ants
  2 big kobold zombies (Ossuary)
  2 ogre skeletons (D:9)
  2 hound zombies (Ossuary)
  A hound skeleton (D:5)
  5 mummies
  2 worker ant zombies
  Robin (D:3)
  11 gnolls
  5 adders
  2 shadow imps
  2 white imps
  3 ufetubi
  2 oozes
  8 adder zombies (Ossuary)
  4 worms
  An adder skeleton (D:8)
  3 dart slugs
  6 leopard geckos
  34 orcs
  2 ball pythons
  5 bats
  5 giant cockroaches
  A gnoll zombie (Ossuary)
  13 hobgoblins
  10 jackals
  6 quokkas
  A frilled lizard (D:1)
  16 goblins
  5 goblin zombies (Ossuary)
  2 hobgoblin zombies (Ossuary)
  A jackal skeleton (D:7)
  4 jackal zombies (Ossuary)
  7 kobolds
  A kobold zombie (Ossuary)
  4 quokka zombies (Ossuary)
  7 rats
  2 rat zombies (Ossuary)
324 creatures vanquished.

Vanquished Creatures (others)
  3 fungi (D:9)
  2 plants
5 creatures vanquished.

Grand Total: 329 creatures vanquished

Notes
Turn   | Place    | Note
-------+----------+-------------------------------------------
     0 | D:1      | HoaS the Troll Monk began the quest for the Orb.
     0 | D:1      | Reached XP level 1. HP: 22/22 MP: 0/0
    72 | D:1      | Reached XP level 2. HP: 26/29 MP: 1/1
   548 | D:1      | Reached XP level 3. HP: 36/36 MP: 2/2
   728 | D:2      | Reached skill level 4 in Unarmed Combat
   732 | D:2      | Reached XP level 4. HP: 44/44 MP: 3/3
   818 | D:2      | Found a shadowy altar of Dithmenos.
   955 | D:2      | Reached skill level 5 in Unarmed Combat
   955 | D:2      | Reached XP level 5. HP: 45/50 MP: 4/4
  1206 | D:2      | Found an ornate altar of the Wu Jian Council.
  1744 | D:3      | Noticed Natasha
  1750 | D:3      | Killed Natasha
  1754 | D:3      | Noticed Grinder
  1758 | D:3      | Paralysed by Grinder for 4 turns
  1789 | D:3      | Killed Grinder
  1789 | D:3      | Reached skill level 6 in Unarmed Combat
  1789 | D:3      | Reached XP level 6. HP: 31/59 MP: 5/5
  1945 | D:3      | Noticed Robin
  1973 | D:3      | Killed Robin
  2107 | D:3      | Reached XP level 7. HP: 62/66 MP: 6/6
  2217 | D:3      | Noticed Natasha
  2223 | D:3      | Killed Natasha
  2239 | D:3      | Reached skill level 7 in Unarmed Combat
  2322 | D:3      | Found a hazy altar of Hepliaklqana.
  2351 | D:3      | Found a shimmering altar of Xom.
  2359 | D:3      | Noticed Natasha
  2370 | D:3      | Killed Natasha
  2710 | D:4      | Found Xorestah's Magic Scroll Emporium.
  2751 | D:4      | Found a staircase to the Ecumenical Temple.
  2757 | Temple   | Entered the Ecumenical Temple
  2970 | Temple   | Became a worshipper of Makhleb the Destroyer
  2970 | Temple   | Reached * piety under Makhleb
  2970 | Temple   | Reached ** piety under Makhleb
  3137 | D:4      | Found an opulent altar of Gozag.
  3729 | D:5      | Entered Level 5 of the Dungeon
  3834 | D:5      | Found Uniqag's Antique Armour Boutique.
  3855 | D:5      | Reached skill level 8 in Unarmed Combat
  3877 | D:5      | Reached skill level 5 in Dodging
  3877 | D:5      | Reached XP level 8. HP: 71/74 MP: 7/7
  4208 | D:6      | Noticed Menkaure
  4211 | D:6      | Killed Menkaure
  4351 | D:6      | Noticed Prince Ribbit
  4412 | D:6      | Found Liptant's Weapon Boutique.
  4429 | D:6      | Reached skill level 9 in Unarmed Combat
  4668 | D:6      | Found an ancient bone altar of Kikubaaqudgha.
  4683 | D:6      | Got a scorched bronze ring
  4762 | D:6      | Found a shattered altar of Ashenzari.
  4786 | D:6      | Killed Prince Ribbit
  4858 | D:7      | Found a bloodstained altar of Trog.
  4993 | D:7      | Noticed a hippogriff
  5000 | D:7      | Killed a hippogriff
  5000 | D:7      | Reached skill level 10 in Unarmed Combat
  5046 | D:7      | Found Omuuczafi's Distillery.
  5082 | D:7      | Reached XP level 9. HP: 65/80 MP: 6/8
  5202 | D:7      | Reached *** piety under Makhleb
  5617 | D:6      | Reached skill level 11 in Unarmed Combat
  6041 | D:7      | Found a sparkling altar of Nemelex Xobeh.
  6160 | D:8      | Found a sand-covered staircase.
  6169 | Ossuary  | Entered an ossuary
  6292 | Ossuary  | Reached **** piety under Makhleb
  6470 | D:8      | Noticed Joseph
  6482 | D:7      | Killed Joseph
  6482 | D:7      | Reached skill level 12 in Unarmed Combat
  6482 | D:7      | Reached XP level 10. HP: 72/88 MP: 6/9
  6575 | D:8      | Found Ostred's Gadget Shoppe.
  6732 | D:8      | Found a basalt altar of Yredelemnul.
  6913 | D:8      | Found a radiant altar of Vehumet.
  6992 | D:8      | Found a blossoming altar of Fedhas.
  7171 | D:9      | Reached skill level 13 in Unarmed Combat
  7428 | D:9      | Found a glowing golden altar of the Shining One.
  7449 | D:9      | Noticed Erolcha
  7455 | D:9      | Killed Erolcha
  7460 | D:9      | Identified the ring "Faxiaz" {+Fly Str+7} (You found it on
                  | level 6 of the Dungeon)
  7517 | D:9      | Reached ***** piety under Makhleb
  7553 | D:9      | Reached XP level 11. HP: 94/94 MP: 10/10
  7620 | D:9      | Found a shimmering blue altar of Sif Muna.
  7656 | D:9      | Found a staircase to the Orcish Mines.
  7704 | D:9      | Found a staircase to the Lair.
  7805 | D:9      | Found a basalt altar of Yredelemnul.
  7967 | D:9      | Reached skill level 14 in Unarmed Combat
  8172 | D:10     | Entered Level 10 of the Dungeon
  8236 | D:10     | Found Mietacko's Book Shop.
  8870 | Lair:1   | Entered Level 1 of the Lair of Beasts
  8925 | Lair:1   | Noticed an oklob plant
  9068 | Lair:1   | Noticed a four-headed hydra
  9086 | Lair:1   | Slain by a seven-headed hydra

Illustrated notes

Levels and vault maps discovered:
D:1:      ncdulo_smallfort, layout_basic
D:2:      layout_basic, lemuel_crystal_altar, nicolae_dithmenos_shadow_blocks
D:3:      layout_basic, xom_teletrap_fun, lemuel_crystal_altar, uniq_grinder,
          uniq_natasha, uniq_robin
D:4:      layout_basic, nicolae_overflow_crystal_walls,
          minmay_temple_entry_statues_pillars, serial_shops, shop
D:5:      layout_cave_pools, serial_shops, shop, serial_column_ruins,
          column_ruins_open_small, column_ruins_open_tiny,
          column_ruins_open_tiny, column_ruins_open_medium, column_ruins_grid_3
D:6:      layout_loops_cross, lemuel_doored_altar, serial_shops,
          nicolae_shop_behind_doors, basic_altar, uniq_menkaure,
          uniq_prince_ribbit1
D:7:      minmay_chambers_of_sixes, layout_gridville, kennysheep_mini,
          old_standard_altar, serial_shops,
          nicolae_shop_competitors_out_of_business, dk_noncrumbling_3
D:8:      layout_rooms, lemuel_crystal_altar, nicolae_ossuary_entry_ruins,
          basic_altar, serial_shops, shop, fedhas_altar_fruit_tree, uniq_joseph
D:9:      layout_basic, tso_altar, lemuel_mausoleum_altar_yredelemnul,
          grunt_lair_entry_orc_guard_hut, orc_0_dummy, basic_altar, uniq_erolcha
D:10:     layout_irregular_city, serial_shops, kennysheep_mini_moat,
          kennysheep_generic_room_8
Temple:   minmay_temple_curvy_loop
Lair:1:   layout_loops_ring, minmay_lair_oklob_chamber

Skill      XL: |  1  2  3  4  5  6  7  8  9 10 11 |
---------------+----------------------------------+-----
Unarmed Combat | 4 5 6 8 10 12 13 14 | 14.5
Dodging        | 3 4 5 6 7 8 9 |  9.2
Fighting       | |  2.4
Stealth        | |  1.0

Action                   |  1- 3 |  4- 6 |  7- 9 | 10-12 || total
-------------------------+-------+-------+-------+-------++-------
Melee: Unarmed           |    49 |   146 |   444 |   337 ||   976
       Punch             |     1 |     7 |    20 |    25 ||    53
  Use: Scroll            |     3 |     2 |    12 |     7 ||    24
       Potion            |       |       |     1 |       ||     1
 Stab: Sleeping          |     2 |       |     8 |     8 ||    18
       Distracted        |       |       |     1 |       ||     1
Armor: Robe              |    18 |    34 |    84 |    39 ||   175
Dodge: Dodged            |    17 |    94 |   316 |   226 ||   653

Table legend: (Time is in decaauts)
 A = Elapsed time spent in this place.
 B = Non-inter-level travel time spent in this place.
 C = Inter-level travel time spent in this place.
 D = Time resting spent in this place.
 E = Time spent auto-exploring this place.
 F = Levels seen in this place.
 G = Mean time per level.
                   A        B        C        D        E       F      G
               +--------+--------+--------+--------+--------+-----+--------+
         Total |   8896 |   8607 |    289 |    512 |   6036 |  13 |  684.3 |
       Dungeon |   8205 |   7955 |    250 |    512 |   5590 |  10 |  820.5 |
        Temple |    224 |    186 |     38 |      0 |    184 |   1 |  224.0 |
          Lair |    209 |    209 |      0 |      0 |    147 |   1 |  209.0 |
       Ossuary |    256 |    256 |      0 |      0 |    115 |   1 |  256.0 |
               +--------+--------+--------+--------+--------+-----+--------+

Top non-repeatable levels by time:
     D:7: 1298 daAuts
     D:9: 1093 daAuts
     D:3: 1035 daAuts
     D:2: 967 daAuts
     D:4: 791 daAuts
     D:6: 723 daAuts
     D:1: 686 daAuts
    D:10: 661 daAuts
     D:8: 525 daAuts
     D:5: 422 daAuts
 Ossuary: 256 daAuts
  Temple: 224 daAuts
  Lair:1: 209 daAuts
